 Seeded DCSS version 0.30-a0-632-g346586f (webtiles) character file.

Game seed: 8997268067546254361 (custom seed)

24 Geeful the Shooter (level 3, -4/29 HPs)
             Began as a Barachi Hunter on Jan 13, 2023.
             Was an Initiate of Okawaru.
             Killed by divine providence
             ... invoked by an orc priest
              (17 damage)
             ... on level 4 of the Dungeon.
             The game lasted 00:08:04 (1048 turns).

Geeful the Shooter (Barachi Hunter)                 Turns: 1048, Time: 00:08:05

Health: -4/29      AC:  8    Str: 14    XL:     3   Next: 2%
Magic:  3/3        EV: 12    Int:  9    God:    Okawaru [......]
Gold:   89         SH:  0    Dex: 15    Spells: 2/2 levels left

rFire   . . .      SeeInvis .    g - +0 hand axe
rCold   . . .      Faith    .    (no shield)
rNeg    . . .      Spirit   .    c - +0 leather armour
rPois   .          Reflect  .    (no helmet)
rElec   .          Harm     .    j - +0 cloak
rCorr   .          Rampage  .    n - +1 pair of gloves
Will    .....                    f - +1 pair of boots
Stlth   +                        (no amulet)
HPRegen 0.24/turn                (no ring)
MPRegen 0.08/turn                (no ring)

@: slow
A: amphibious, slowness 1, strong legs 1, +LOS
a: Hop, Renounce Religion


You were on level 4 of the Dungeon.
You worshipped Okawaru.
Okawaru was noncommittal.
You visited 2 branches of the dungeon, and saw 4 of its levels.

You collected 89 gold pieces.

Inventory:

Hand Weapons
 a - a +0 shortbow
 g - a +0 hand axe (weapon)
Armour
 c - a +0 leather armour (worn)
 f - a +1 pair of boots (worn)
 j - a +0 cloak (worn)
 n - a +1 pair of gloves (worn)
Scrolls
 b - 2 scrolls of immolation
 e - a scroll of teleportation
Potions
 h - a potion of berserk rage {unknown}
 i - a potion of resistance {unknown}
 l - a potion of heal wounds {unknown}
 m - a potion of haste {unknown}
 o - a potion of curing


   Skills:
 + Level 3.1 Fighting
 - Level 4.0 Ranged Weapons
 + Level 1.5 Armour
 + Level 2.8 Dodging
 - Level 0.8 Stealth


You had 2 spell levels left.
You didn't know any spells.
Your spell library was empty.

Dungeon Overview and Level Annotations

Branches:
Dungeon (4/15)             Temple (1/1) D:4

Altars:
Cheibriados
Dithmenos
Elyvilon
Makhleb
Okawaru
Vehumet
Zin


Innate Abilities, Weirdness & Mutations

You are amphibious.
You cover ground slowly.
You can hop short distances.
You have an extended range of vision and can be seen from far away.


Message History

The orc hits you with a +0 club. The orc barely misses you.
You hit the orc but do no damage.
The orc is almost dead.
The orc hits you with a +0 club.
You closely miss the orc.
The orc is almost dead.
The orc barely misses you.
You hit the orc.
You kill the orc!
Okawaru accepts your kill.
You have reached level 3!
Your experience leads to an increase in your attributes!
Increase (S)trength, (I)ntelligence, or (D)exterity?
You feel stronger. x2
Items here: )) [ ††.
Okay, then.
You see here a +0 club.
There is a staircase back to the Dungeon here.
Things that are here:
a +0 short sword; a +0 whip; an orc corpse You start resting.
HP restored.
There is a staircase back to the Dungeon here.
Okay, then.
You can't go down here!
You climb upwards.
Welcome back to the Dungeon!
The orc priest closely misses you.
The orc priest calls down the wrath of Beogh upon you.
Pain shoots through your body!
There is a staircase to the Ecumenical Temple here.
You barely miss the orc priest. The orc priest hits you with a +0 club.
You hit the orc priest.
The orc priest is moderately wounded.
The orc priest misses you. x2
You hit the orc priest.
The orc priest is heavily wounded.
The orc priest invokes the aid of Beogh against you.
Beogh smites you!
Ouch! That really hurt!
You die...

## ## . . .. # ##.
. .# .# ..
...##?#.# ..# .. #.
..... .. # .
#.##.#.##.# .. .
....#...
#..##.#.#..o#.. ..
#.....#.#.@.#o##..
#.. #.............#
#...#....#.#.#....#
#.)...##.#.#.#.#..#
#..#...........#..#
#. #.#.#.##.#....
#....#.#....#.##..#
#................#
#......###########


You could see an orc priest.

Vanquished Creatures
  5 orcs (Temple)
  An endoplasm (D:1)
  A giant cockroach (Temple)
  2 goblins (D:1)
  4 hobgoblins (D:1)
  A quokka (Temple)
  A frilled lizard (D:1)
  A rat (D:1)
16 creatures vanquished.

Notes
Turn   | Place    | Note
-------+----------+-------------------------------------------
     0 | D:1      | Geeful the Barachi Hunter began the quest for the Orb.
     0 | D:1      | Reached XP level 1. HP: 17/17 MP: 1/1
   519 | D:1      | Reached XP level 2. HP: 23/23 MP: 2/2
   542 | D:1      | Reached skill level 1 in Armour
   784 | D:2      | You fall into a shaft and drop 2 floors!
   790 | D:4      | Found a staircase to the Ecumenical Temple.
   807 | Temple   | Entered the Ecumenical Temple
   945 | Temple   | Became a worshipper of Warmaster Okawaru
   997 | Temple   | Reached XP level 3. HP: 18/29 MP: 3/3
  1048 | D:4      | Killed from afar by an orc priest

Illustrated notes

Levels and vault maps discovered:
D:1:      minmay_arrival_wavy_path, layout_basic, dk_noncrumbling_4
D:2:      layout_basic
D:4:      layout_rooms, minmay_temple_entry_ruins,
          nicolae_shop_sticking_my_neck_out
Temple:   bh_familiar_temple

Skill      XL: |  1  2 |
---------------+-------+-----
Armour         | 1 |  1.5
Fighting       | 3 |  3.1
Ranged Weapons | |  4.0
Dodging        | |  2.8
Stealth        | |  0.8

Action                   || total
-------------------------++-------
Melee: Hand axe          ||    51
       Unarmed           ||     1
  Use: Scroll            ||     3
Armor: Leather armour    ||    24
Dodge: Dodged            ||    47

Table legend: (Time is in decaauts)
 A = Elapsed time spent in this place.
 B = Non-inter-level travel time spent in this place.
 C = Inter-level travel time spent in this place.
 D = Time resting spent in this place.
 E = Time spent auto-exploring this place.
 F = Levels seen in this place.
 G = Mean time per level.
                   A        B        C        D        E       F      G
               +--------+--------+--------+--------+--------+-----+--------+
         Total |   1231 |   1130 |    101 |     67 |    691 |   4 |  307.8 |
       Dungeon |    962 |    892 |     70 |      0 |    691 |   3 |  320.7 |
        Temple |    269 |    238 |     31 |     67 |      0 |   1 |  269.0 |
               +--------+--------+--------+--------+--------+-----+--------+

Top non-repeatable levels by time:
     D:1: 926 daAuts
  Temple: 269 daAuts
     D:4: 33 daAuts
     D:2: 1 daAuts
